 Dungeon Crawl Stone Soup version 0.28.0-53-g5a82cb258f (webtiles) character file.

Game seed: 8445309175619726809

1288 Zeld the Skirmisher (level 8, 0/74 HPs)
             Began as a Minotaur Berserker on June 9, 2022.
             Was a Priest of Trog.
             Slain by a troll (11 damage)
             ... on level 7 of the Dungeon.
             The game lasted 00:08:49 (6212 turns).

Zeld the Skirmisher (Minotaur Berserker)            Turns: 6212, Time: 00:08:50

Health: 0/74       AC:  5    Str: 24    XL:     8   Next: 30%
Magic:  7/7        EV: 13    Int:  4    God:    Trog [***...]
Gold:   270        SH:  0    Dex: 10    Spells: 7/7 levels left

rFire   . . .      SeeInvis +   l - +2 short sword (venom)
rCold   . . .      Faith    .   (no shield)
rNeg    . . .      Spirit   .   b - +0 animal skin
rPois   .          Reflect  .   (helmet restricted)
rElec   .          Harm     .   n - +0 cloak
rCorr   +          Rampage  .   (no gloves)
Will    .....                   q - +1 pair of boots
Stlth   +.........              (no amulet)
HPRegen 0.22/turn               f - ring of see invisible
MPRegen 0.10/turn               g - ring of resist corrosion

@: on berserk cooldown, slowed, very slow
A: horns 2, retaliatory headbutt
a: Renounce Religion, Berserk, Trog's Hand


You were on level 7 of the Dungeon.
You worshipped Trog.
Trog was most pleased with you.
You visited 2 branches of the dungeon, and saw 8 of its levels.

You collected 270 gold pieces.

Inventory:

Hand Weapons
 a - a +0 hand axe
 l - a +2 short sword of venom (weapon)
Armour
 b - a +0 animal skin (worn)
 n - a +0 cloak (worn)
 q - a +1 pair of boots (worn)
Jewellery
 f - a ring of see invisible (left hand)
 g - a ring of resist corrosion (right hand)
 h - a ring of flight
Wands
 s - a wand of flame (8)
Scrolls
 d - 3 scrolls of vulnerability {unknown}
 e - 4 scrolls of blinking {unknown}
 i - 5 scrolls of identify {unknown}
 k - 11 scrolls of teleportation {unknown}
 o - 2 scrolls of enchant weapon {unknown}
 p - 2 scrolls of immolation {unknown}
 u - a scroll of torment {unknown}
 v - 2 scrolls of magic mapping {unknown}
Potions
 c - 6 potions of curing {unknown}
 j - a potion of might {unknown}
 m - a potion of experience {unknown}
 r - a potion of haste
 t - 2 potions of lignification {unknown}
 w - a potion of attraction {unknown}
 x - a potion of brilliance {unknown}


   Skills:
 * Level 7.9 Fighting
 * Level 7.9 Axes
 + Level 5.3 Armour
 + Level 4.9 Dodging


You had 7 spell levels left.
You didn't know any spells.
Your spell library was empty.

Dungeon Overview and Level Annotations

Branches:
Dungeon (7/15)             Temple (1/1) D:4

Altars:
Ashenzari
Cheibriados
Dithmenos
Fedhas
Gozag
Hepliaklqana
Kikubaaqudgha
Nemelex Xobeh
Okawaru
Ru
Sif Muna
Trog
Uskayaw
Vehumet
Wu Jian
Xom
Yredelemnul
Zin
The Shining One


Innate Abilities, Weirdness & Mutations

You have a pair of horns on your head.
You reflexively headbutt those who attack you in melee.


Message History

Found a scroll labelled UCHEANUAKI.
Found a stone staircase leading up.
You puncture the sky beast!
The sky beast is poisoned.
The sky beast is heavily wounded.
You hit the sky beast.
The sky beast looks as sick as possible!
The sky beast is severely wounded.
The sky beast barely misses you.
You puncture the sky beast!
You kill the sky beast!
Trog accepts your kill.
The bullfrog hits you but does no damage.
Unknown command.
You miss the bullfrog.
The bullfrog is severely wounded.
The bullfrog hits you.
* * * LOW HITPOINT WARNING * * *
You barely miss the bullfrog. Your headbutt misses the bullfrog.
The bullfrog is severely wounded.
The bullfrog hits you.
* * * LOW HITPOINT WARNING * * *
You barely miss the bullfrog.
The bullfrog is severely wounded.
A troll comes into view.
The bullfrog barely misses you.
Unknown command.
You puncture the bullfrog!
You kill the bullfrog!
Trog accepts your kill.
You puncture the iguana!
You kill the iguana!
Trog accepts your kill.
Things that are here:
16 gold pieces; an iguana corpse; a sky beast corpse You feel a strong urge to attack something.
You are no longer berserk.
You are exhausted.
You feel yourself slow down. The troll barely misses you.
You furiously retaliate!
You headbutt the troll. The troll barely misses you. The troll claws you!
You die...

#......## ##..##
#......# ##..## #.
#..l<..###..## ##..
#......##..## ##...
...PM....##..# ###...#
P8.....#>##..###.....#
8...#.....M.).$......#
..8...#)#.#...##.T...#
.#..## .#.######@....#
... ..$...........#
#..######.....# #
#.....# #.<...#
#...?.# #.....#
....###


You could see a troll.

Vanquished Creatures
  Pargi (D:3)
  A sky beast (D:7)
  2 ogres (D:6)
  A scorpion (D:5)
  2 bullfrogs
  3 jellies
  2 hounds
  3 orc priests
  A bullfrog skeleton (D:5)
  5 iguanas
  An orc wizard (D:5)
  Natasha (thrice) (D:4)
  A hound skeleton (D:4)
  A howler monkey zombie (D:6)
  4 gnolls (D:5)
  5 adders
  2 white imps
  An adder skeleton (D:4)
  4 worms
  2 dart slugs
  20 orcs
  5 ball pythons
  8 endoplasms
  4 giant cockroaches
  3 goblins (D:1)
  6 hobgoblins
  3 jackals (D:2)
  4 kobolds (D:2)
  2 quokkas
  8 bats
  5 frilled lizards
  4 rats
117 creatures vanquished.

Notes
Turn   | Place    | Note
-------+----------+-------------------------------------------
     0 | D:1      | Zeld the Minotaur Berserker began the quest for the Orb.
     0 | D:1      | Reached XP level 1. HP: 19/19 MP: 0/0
   161 | D:1      | Reached XP level 2. HP: 27/27 MP: 1/1
   446 | D:1      | Found a faded altar of an unknown god.
   822 | D:2      | Found a sacrificial altar of Ru.
   868 | D:2      | Reached XP level 3. HP: 32/33 MP: 2/2
   881 | D:2      | Reached ** piety under Trog
  1546 | D:3      | Reached XP level 4. HP: 36/41 MP: 3/3
  1816 | D:3      | Noticed Pargi
  1828 | D:3      | Killed Pargi
  1829 | D:3      | Reached skill level 5 in Fighting
  1829 | D:3      | Reached skill level 5 in Axes
  1829 | D:3      | Reached XP level 5. HP: 33/48 MP: 4/4
  3104 | D:4      | Reached XP level 6. HP: 55/56 MP: 5/5
  3308 | D:4      | Found an opulent altar of Gozag.
  3321 | D:4      | Found a staircase to the Ecumenical Temple.
  3370 | D:4      | Noticed Natasha
  3377 | D:4      | Killed Natasha
  3458 | D:4      | Noticed Natasha
  3466 | D:4      | Killed Natasha
  3471 | D:4      | Noticed Natasha
  3480 | D:4      | Killed Natasha
  3503 | Temple   | Entered the Ecumenical Temple
  4308 | D:5      | Entered Level 5 of the Dungeon
  4665 | D:5      | Reached XP level 7. HP: 54/63 MP: 6/6
  4778 | D:5      | Reached *** piety under Trog
  4779 | D:5      | Found a broken altar of Ashenzari.
  5833 | D:6      | Reached skill level 5 in Armour
  5833 | D:6      | Reached XP level 8. HP: 23/73 MP: 7/7
  6206 | D:7      | Noticed a troll
  6212 | D:7      | Slain by a troll

Illustrated notes

Levels and vault maps discovered:
D:1:      moated_graveyard_arrival, layout_rooms,
          shapermc_ecumenical_altar_mp_highgroup, minmay_door_square,
          minivault_11, minmay_tromino_v2
D:2:      layout_basic, basic_altar
D:3:      minmay_angry_zag, layout_loops_corners, minmay_misc_feat_diagonals,
          wander_ebering_terrifying_dragon_lair, uniq_pargi
D:4:      layout_basic, mainiacjoe_overflow_paths,
          minmay_temple_entry_purple_smoke, uniq_natasha
D:5:      layout_basic, cheibrodos_ashenzari_chains, skrybe_limestone_x
D:6:      layout_rooms, bloody_makhleb, grunt_ministairs_3, serial_park_tiny_2,
          chequers_serial_rivers_micro_b, nrook_pool_corridor,
          minmay_stone_trees_small, dk_noncrumbling_4, minmay_crystal_room
D:7:      minmay_the_grid_four_pointed_star
          [minmay_the_grid_triangle_9x9_pentomino_pain,
          minmay_the_grid_triangle_9x9_limited_checkers,
          minmay_the_grid_triangle_9x9_swiss_cheese,
          minmay_the_grid_triangle_9x9_cache,
          minmay_the_grid_prize_four_corners], layout_rooms, kennysheep_mini,
          gammafunk_ghost_wrathful_warriors, serial_undead, serial_undead_e,
          serial_undead_c, serial_undead_f, serial_undead_c,
          chequers_serial_rivers_micro_c, minmay_manual_mandibuliform,
          uniq_prince_ribbit1
Temple:   eino_temple_rhombus

Skill      XL: |  1  2  3  4  5  6  7 |
---------------+----------------------+-----
Fighting       | 4 5 6 7 |  7.9
Axes           | 4 5 6 7 |  7.9
Armour         | 3 4 5 |  5.3
Dodging        | 3 4 |  4.9

Action                   |  1- 3 |  4- 6 |  7- 9 || total
-------------------------+-------+-------+-------++-------
Melee: Hand axe          |    75 |     3 |       ||    78
       Headbutt          |    11 |    21 |    11 ||    43
       Punch             |     2 |     1 |     1 ||     4
       Short sword       |       |   128 |    85 ||   213
Invok: Berserk           |       |       |     1 ||     1
Armor: Animal skin       |    22 |    56 |    29 ||   107
Dodge: Dodged            |    71 |    82 |    67 ||   220
